 Dungeon Crawl Stone Soup version 0.25-a0-503-ge281fa673e (webtiles) character file.

Game seed: 6814518521792846082, levelgen mode: classic

63 EnegeticOcto the Shield-Bearer (level 3, -3/34 HPs)
             Began as a Deep Dwarf Fighter on Feb 13, 2020.
             Slain by Sigmund
             ... wielding a +0 scythe
              (10 damage)
             ... on level 2 of the Dungeon.
             The game lasted 00:00:19 (218 turns).

EnegeticOcto the Shield-Bearer (Deep Dwarf Fighter)  Turns: 218, Time: 00:00:20

Health: -3/34      AC:  6    Str: 20    XL:     3   Next: 87%
Magic:  3/3        EV:  8    Int:  8    God:
Gold:   48         SH:  9    Dex: 12    Spells: 2/2 levels left

rFire    . . .     SeeInvis .   a - +0 war axe
rCold    . . .     Gourm    .   c - +0 kite shield
rNeg     . . .     Faith    .   b - +0 scale mail
rPois    .         Spirit   .   (no helmet)
rElec    .         Reflect  .   (no cloak)
rCorr    .         Harm     .   (no gloves)
MR       .....                  (no boots)
Stlth    ..........             (no amulet)
HPRegen  0.00/turn              (no ring)
MPRegen  0.08/turn              (no ring)

@: non-regenerating
A: damage resistance, heal wounds, sense surroundings 1, no regeneration
a: Heal Wounds


You were on level 2 of the Dungeon.
You were not hungry.

You visited 1 branch of the dungeon, and saw 2 of its levels.

You collected 48 gold pieces.

Inventory:

Hand Weapons
 a - a +0 war axe (weapon)
Armour
 b - a +0 scale mail (worn)
 c - a +0 kite shield (worn)
Scrolls
 f - a scroll of identify {unknown}
 g - a scroll of remove curse {unknown}
Potions
 d - a potion of might {@q3}
 i - a potion of heal wounds {unknown}
Comestibles
 e - 2 rations
 h - 5 chunks of flesh


   Skills:
 + Level 3.0 Fighting
 * Level 3.3 Axes
 + Level 3.6 Armour
 + Level 1.3 Dodging
 + Level 3.6 Shields


You had 2 spell levels left.
You didn't know any spells.
Your spell library was empty.

Dungeon Overview and Level Annotations

Branches:
Dungeon (2/15)

Altars:

Annotations:
D:2 Sigmund


Innate Abilities, Weirdness & Mutations

You are resistant to damage.
You can heal yourself by infusing magical energy.
You passively map a small area around you.
You do not regenerate.


Message History

The kobold hits you but does no damage.
You miss the kobold.
The kobold is severely wounded.
The kobold hits you. The kobold closely misses you.
Your shield and scale mail prevent you from hitting the kobold.
The kobold is severely wounded.
The kobold barely misses you.
You hit the kobold but do no damage.
The kobold is severely wounded.
You block the kobold's attack.
An adder comes into view.
The leopard gecko hisses menacingly.
The kobold hits you.
You barely miss the kobold.
The kobold is severely wounded.
You miss the leopard gecko.
You are no longer poisoned.
The leopard gecko closely misses you. The kobold hits you but does no damage.
You slash the kobold!
You kill the kobold!
You miss the leopard gecko. The leopard gecko closely misses you.
The leopard gecko barely misses you.
You closely miss the leopard gecko. The leopard gecko barely misses you.
You block the leopard gecko's attack.
You slash the adder!
You kill the adder!
You barely miss the leopard gecko.
The leopard gecko bites you but does no damage.
You closely miss the leopard gecko. You block the leopard gecko's attack.
The leopard gecko bites you but does no damage.
A leopard gecko is nearby!
A leopard gecko is nearby!
You completely miss the leopard gecko. You block the leopard gecko's attack.
The leopard gecko bites you but does no damage.
You slash the leopard gecko!
You kill the leopard gecko!
No target in view!
No target in view!
A frilled lizard comes into view.
Found a coppery potion.
You see here 9 gold pieces.
A frilled lizard is nearby!
A frilled lizard is nearby!
A frilled lizard is nearby!
The frilled lizard hisses angrily.
Found 23 sling bullets and a pair of gloves.
Sigmund the Dreaded comes into view.
He is wielding a +0 scythe and carrying a wand of flame (15).
Found a scroll labeled YZXYNA BOMM.
Sigmund shouts!
Found a ration.
Your shield and scale mail prevent you from hitting the frilled lizard.
You block the frilled lizard's attack.
You closely miss the frilled lizard. The frilled lizard barely misses you.
You block the frilled lizard's attack.
You slash the frilled lizard!
You kill the frilled lizard!
Sigmund zaps a wand.
The puff of flame misses you.
Sigmund points at you and mumbles some strange words.
The magic dart hits you.
Sigmund zaps a wand.
The puff of flame hits you!
Found 12 bolts.
You hit Sigmund but do no damage. Sigmund hits you with a +0 scythe.
You closely miss Sigmund. You block Sigmund's attack.
You closely miss Sigmund.
Sigmund zaps a wand.
The puff of flame misses you.
Sigmund casts a spell.
Sigmund flickers and vanishes!
Deactivating autopickup; reactivate with Ctrl-A.
No target in view!
No target in view!
No target in view!
No target in view!
No target in view!
No target in view!
No target in view!
No target in view!
No target in view!
You feel much better.
You hear a zap.
A puff of flame appears from out of thin air!
The puff of flame hits you.
You miss something. Something hits you.
You slash something!
You hear some strange, mumbled words.
A magic dart appears from out of thin air!
The magic dart hits you.
You miss something. Something hits you but does no damage.
You miss something. Something hits you.
You slash something! Something hits you!
You barely miss something. Something hits you!
You barely miss something. Something hits you.
You closely miss something.
You hear some strange, mumbled words.
Something tries to affect you, but you resist.
You miss something. You block something's attack.
Your shield and scale mail prevent you from hitting something.
Something completely misses you.
You miss something. Something hits you!
* * * LOW HITPOINT WARNING * * *
You barely miss something. Something hits you!
You die...

#...##..##...
#.#..####........... *
#.##..##........?...
#####.#####.............
....<....#..............
###......#..[...........
.........#.......8!(8...
###...##.')†......≈≈....
##..##.)($....@{≈≈.... ,
** #..##.#.......8..8...
......#.............., ,
.......#.........[....
*.>......##.............
, ,
.......##...........( *
,.....$ ##........... *
##.......%.. ,


There were no monsters in sight!

Vanquished Creatures
  4 adders (D:2)
  An ooze (D:2)
  2 worms (D:2)
  A leopard gecko (D:2)
  A giant cockroach (D:1)
  2 goblins (D:2)
  A bat (D:1)
  3 frilled lizards
  4 kobolds
19 creatures vanquished.

Notes
Turn   | Place    | Note
-------+----------+-------------------------------------------
     0 | D:1      | EnegeticOcto the Deep Dwarf Fighter began the quest for the
                  | Orb.
     0 | D:1      | Reached XP level 1. HP: 20/20 MP: 1/1
   101 | D:2      | Reached XP level 2. HP: 27/27 MP: 2/2
   130 | D:2      | Reached skill level 1 in Dodging
   130 | D:2      | Reached XP level 3. HP: 26/33 MP: 3/3
   196 | D:2      | Noticed Sigmund
   218 | D:2      | Slain by Sigmund

Levels and vault maps discovered:
D:1:      dpeg_arrival_arbitrary_a, layout_basic, minmay_hexomino_p4
D:2:      kennysheep_big_flooded_room, layout_rooms,
          minmay_fractal_squares_gapless_5, uniq_jessica, uniq_sigmund

Skill      XL: |  1  2  3 |
---------------+----------+-----
Axes           | 3 |  3.3
Dodging        | 1 |  1.3
Fighting       | 3 |  3.0
Armour         | |  3.6
Shields        | |  3.6

Action                   || total
-------------------------++-------
Melee: War axe           ||    81
 Abil: Heal Wounds       ||     1
Armor: Scale mail        ||    36
Dodge: Dodged            ||    30
Block: Kite shield       ||    57

Table legend:
 A = Non-vault XP
 B = Vault XP
 C = Vault XP percentage of total XP
 D = Non-vault monster count
 E = Vault monster count
 F = Vault count percentage of total count
                 A         B        C        D         E       F
            +---------+---------+-------+---------+---------+-------
      Total |      81 |       9 |  10.0 |      17 |       2 |  10.5
            +---------+---------+-------+---------+---------+-------
        D:1 |       5 |       0 |   0.0 |       4 |       0 |   0.0
        D:2 |      76 |       9 |  10.6 |      13 |       2 |  13.3
            +---------+---------+-------+---------+---------+-------
